AoeStats
← jessewald9

Arena

509775173Analyzed
1v1 RM · 4d ago on Sep 28, 2026· 24m 4s· 2 players
Game mode
Random Map
Map size
Tiny (2 player)
Population
200
Speed
Normal
Resources
Standard
Victory
Conquest
Starting age
Dark Age
Ending age
Imperial Age
RankedLock teamsTeams togetherTeam positionsShared explorationLock speedFull tech treeHidden civsTurbo modeCheats
Victory
Defeat
🇨🇦 Danes · Canada
960
+17
🇮🇳 Spanish · India
971
-17
jessewald9
10:07 Feudal Age
14:43 Castle Age
16:48 Loom
16:51 Double-Bit Axe
deevihemu
8:16 Loom
11:29 Feudal Age
15:40 Castle Age
15:06 Double-Bit Axe
16:04 Horse Collar
Connection lost

Rejoining the realm…

Still unreachable

The connection could not be restored.

Session expired

The server has moved on; the page needs a fresh start.